 Dungeon Crawl Stone Soup version 0.29-a0-789-g7a8fcbc185 (webtiles) character file.

Game seed: 6255223617255857280

591 gobodom the Chopper (level 7, 0/67 HPs)
             Began as a Troll Fighter on July 2, 2022.
             Was a High Priest of Ignis.
             Slain by Dowan
             ... wielding a +0 dagger
              (2 damage)
             ... on level 6 of the Dungeon.
             The game lasted 00:09:20 (3082 turns).

gobodom the Chopper (Troll Fighter)                 Turns: 3082, Time: 00:09:20

Health: 0/67       AC:  5    Str: 25    XL:     7   Next: 16%
Magic:  6/6        EV:  9    Int: 12    God:    Ignis [*****.]
Gold:   329        SH:  7    Dex:  9    Spells: 6/6 levels left

rFire   + . .      SeeInvis .   q - +7 club
rCold   . . .      Faith    .   c - +0 kite shield
rNeg    . . .      Spirit   .   b - +0 robe
rPois   .          Reflect  .   (helmet restricted)
rElec   .          Harm     .   w - +0 cloak
rCorr   .          Rampage  .   (gloves unavailable)
Will    .....                   (boots unavailable)
Stlth   +.........              (no amulet)
HPRegen 1.01/turn               r - +6 ring of intelligence
MPRegen 0.10/turn               (no ring)

@: lit by a corona, glowing
A: large, unfitting armour, claws 3, regeneration 1, shaggy fur 1, tough skin 1
a: Renounce Religion, Fiery Armour, Foxfire Swarm, Rising Flame


You were on level 6 of the Dungeon.
You worshipped Ignis.
Ignis was extremely pleased with you.
You visited 1 branch of the dungeon, and saw 6 of its levels.

You collected 329 gold pieces.

Inventory:

Hand Weapons
 a - a +0 war axe
 q - a +7 club (weapon)
 t - a +2 dagger of electrocution
 u - a +0 giant club
Missiles
 l - 12 poisoned darts (quivered)
 o - 13 boomerangs
 s - 6 datura-tipped darts
Armour
 b - a +0 robe (worn)
 c - a +0 kite shield (worn)
 w - a +0 cloak (worn)
Jewellery
 r - a +6 ring of intelligence (left claw)
 x - a ring of wizardry
 A - an amulet of magic regeneration
Scrolls
 e - 5 scrolls of teleportation {unknown}
 g - 2 scrolls of enchant weapon {unknown}
 i - 2 scrolls of amnesia {unknown}
 k - 3 scrolls of identify {unknown}
 m - a scroll of fear {unknown}
 v - a scroll of vulnerability {unknown}
 y - a scroll of noise {unknown}
 z - a scroll of fog {unknown}
Potions
 d - a potion of might
 f - a potion of invisibility {unknown}
 h - 3 potions of curing {unknown}
 j - a potion of ambrosia {unknown}
 n - 2 potions of heal wounds {unknown}
 p - 2 potions of attraction {unknown}
 B - a potion of lignification {unknown}


   Skills:
 + Level 3.4 Fighting
 + Level 3.7(4.1) Axes
 + Level 2.9(4.0) Maces & Flails
 + Level 3.6 Dodging
 + Level 0.3 Stealth
 + Level 3.7 Shields


You had 6 spell levels left.
You didn't know any spells.
Your spell library contained the following spells:

 Spells                   Type           Power      Damage    Failure   Level
 Poisonous Vapours        Pois/Air       0%         N/A       75%         2
 Static Discharge         Conj/Air       0%         3-3/arc   75%         2
 Gell's Gravitas          Tloc           0%         N/A       93%         3
 Lesser Beckoning         Tloc           0%         N/A       93%         3
 Teleport Other           Tloc           0%         N/A       93%         3
 Corpse Rot               Necr/Pois/Air  0%         N/A       100%        4
 Lightning Bolt           Conj/Air       0%         1d11      100%        5
 Maxwell's Capacitive Co  Air            0%         ∞         100%        8


Dungeon Overview and Level Annotations

Branches:
Dungeon (6/15)
 Temple: D:4-7

Altars:
Makhleb
Trog
Zin
Ignis

Annotations:
D:6 Dowan, Duvessa


Innate Abilities, Weirdness & Mutations

You are too large for most types of armour.
You have claws for hands.
Your natural rate of healing is unusually fast.
You are covered in fur. (AC +1)
You have tough skin. (AC +1)


Message History

You block Duvessa's attack. Dowan casts a spell at you.
You are outlined in light.
Duvessa hits you but does no damage. You block Dowan's attack.
You sock Dowan!
Dowan is heavily wounded.
Duvessa hits you with a +0 rapier.
Dowan mumbles some strange words.
Dowan blinks!
Duvessa hits you with a +0 rapier.
You hit Duvessa but do no damage.
Duvessa is moderately wounded.
Duvessa completely misses you. Duvessa hits you with a +0 rapier.
You hit Duvessa but do no damage.
Duvessa is moderately wounded.
You block Duvessa's attack. Dowan hits you with a +0 dagger.
Duvessa hits you but does no damage.
You hit Dowan.
Dowan is severely wounded.
Dowan misses you. Duvessa barely misses you. Dowan hits you with a +0 dagger.
You block Duvessa's attack.
You completely miss Dowan.
Dowan is severely wounded.
Dowan closely misses you. Duvessa hits you with a +0 rapier!
* * * LOW HITPOINT WARNING * * *
Dowan gestures wildly while chanting.
Dowan blinks!
You hit Duvessa.
Duvessa is heavily wounded.
Duvessa hits you with a +0 rapier.
* * * LOW HITPOINT WARNING * * *
Duvessa hits you with a +0 rapier!
* * * LOW HITPOINT WARNING * * *
You hit Duvessa but do no damage.
Duvessa is heavily wounded.
You block Duvessa's attack. You block Dowan's attack.
Duvessa hits you but does no damage. Dowan barely misses you.
Duvessa attacks as you move away! Duvessa hits you with a +0 rapier.
* * * LOW HITPOINT WARNING * * *
Dowan attacks as you move away! Dowan hits you with a +0 dagger.
You die...

.....## .. ....#
...... #... ....
#....##
#...###..####.....##
#....#.............
..............#..#
....>.......e.e..#
..........##@..#
#..........##
#..<...##..#
.....#............
.... #..............
.. ..........#.....
...........#.....
..................
..$.#.....?.......


You could see Duvessa (fast) and Dowan (fast).

Vanquished Creatures
  An ogre (D:4)
  An ice beast (D:5)
  A phantom (D:5)
  A necrophage (D:4)
  A hound (D:5)
  An orc priest (D:4)
  Jessica (D:3)
  2 iguanas
  An orc wizard (D:4)
  3 adders
  A shadow imp (D:5)
  A white imp (D:5)
  An ufetubus (D:5)
  A dart slug (D:5)
  10 orcs
  8 ball pythons
  6 bats
  3 endoplasms
  A giant cockroach (D:1)
  5 goblins
  5 hobgoblins
  3 quokkas
  3 frilled lizards
  5 kobolds
  6 rats
72 creatures vanquished.

Vanquished Creatures (others)
  4 fungi (D:4)
  A plant (D:3)
5 creatures vanquished.

Grand Total: 77 creatures vanquished

Notes
Turn   | Place    | Note
-------+----------+-------------------------------------------
     0 | D:1      | gobodom the Troll Fighter began the quest for the Orb.
     0 | D:1      | Reached XP level 1. HP: 22/22 MP: 0/0
   189 | D:1      | Reached XP level 2. HP: 29/29 MP: 1/1
   268 | D:1      | Found a faded altar of an unknown god.
   280 | D:1      | Prayed at the altar of an unknown god.
   280 | D:1      | Became a worshipper of Ignis, the Dying Flame
   636 | D:2      | Reached XP level 3. HP: 25/36 MP: 2/2
   928 | D:2      | Found a glowing silver altar of Zin.
  1363 | D:3      | Noticed Jessica
  1374 | D:3      | Killed Jessica
  1375 | D:3      | Reached XP level 4. HP: 24/44 MP: 3/3
  1925 | D:4      | Found a burning altar of Makhleb.
  2089 | D:4      | Noticed an ogre
  2089 | D:4      | Noticed a necrophage
  2105 | D:4      | Reached XP level 5. HP: 52/52 MP: 4/4
  2124 | D:4      | Killed an ogre
  2125 | D:4      | Reached skill level 1 in Maces & Flails
  2125 | D:4      | Reached XP level 6. HP: 35/61 MP: 5/5
  2233 | D:4      | Found a bloodstained altar of Trog.
  2516 | D:5      | Entered Level 5 of the Dungeon
  2662 | D:5      | Noticed an ice beast
  2671 | D:5      | Killed an ice beast
  2706 | D:5      | Reached XP level 7. HP: 67/67 MP: 6/6
  3056 | D:6      | Noticed Duvessa
  3057 | D:6      | Noticed Dowan
  3082 | D:6      | HP: 2/67 [Duvessa/+0 rapier (6)]
  3082 | D:6      | Slain by Dowan

Illustrated notes

Levels and vault maps discovered:
D:1:      matt_arrival_refuge, layout_rooms, nicolae_ecumenical_snake_handling,
          minivault_5, roderic_roman_lattice, minivault_11
D:2:      layout_basic, basic_altar
D:3:      kennysheep_big_flooded_room, layout_loops_cross, serial_bayou_pond_c,
          minmay_puff, uniq_jessica
D:4:      layout_rooms, nicolae_overflow_crystal_walls,
          mainiacjoe_overflow_six_doors_small, serial_aquarium,
          aquarium_bridge_straight [aquarium_subvault_bridge,
          aquarium_subvault_window, aquarium_subvault_bridge,
          aquarium_subvault_window], aquarium_window_fake, aquarium_window_2,
          aquarium_window_fake, aquarium_view_2f, aquarium_pool_2
D:5:      layout_basic, hex_large
D:6:      layout_cave_pools, minmay_temple_entry_statues_pillars, uniq_duvessa

Skill      XL: |  1  2  3  4  5  6 |
---------------+-------------------+-----
Axes           | 2 3 |  3.7
Shields        | 3 |  3.7
Dodging        | 3 |  3.6
Fighting       | 3 |  3.4
Maces & Flails | 1 2 |  2.9
Stealth        | |  0.3

Action                   |  1- 3 |  4- 6 |  7- 9 || total
-------------------------+-------+-------+-------++-------
Melee: War axe           |   137 |       |       ||   137
       Club              |       |    78 |    46 ||   124
 Stab: Sleeping          |       |     1 |       ||     1
Armor: Robe              |    79 |    17 |     8 ||   104
Dodge: Dodged            |    69 |    16 |    24 ||   109
Block: Kite shield       |    74 |    27 |    19 ||   120

Table legend: (Time is in decaauts)
 A = Elapsed time spent in this place.
 B = Non-inter-level travel time spent in this place.
 C = Inter-level travel time spent in this place.
 D = Time resting spent in this place.
 E = Time spent auto-exploring this place.
 F = Levels seen in this place.
 G = Mean time per level.
                   A        B        C        D        E       F      G
               +--------+--------+--------+--------+--------+-----+--------+
         Total |   3197 |   3089 |    108 |     31 |   2230 |   6 |  532.8 |
       Dungeon |   3197 |   3089 |    108 |     31 |   2230 |   6 |  532.8 |
               +--------+--------+--------+--------+--------+-----+--------+

Top non-repeatable levels by time:
     D:4: 792 daAuts
     D:3: 694 daAuts
     D:1: 648 daAuts
     D:5: 551 daAuts
     D:2: 479 daAuts
     D:6: 30 daAuts
